 Dungeon Crawl Stone Soup version 0.31-a0-133-gaae73658be (webtiles) character file.

Game seed: 8312378554874673122

8 Iich the Trooper (level 2, -1/24 HPs)
             Began as a Demonspawn Fighter on June 2, 2023.
             Slain by an endoplasm (2 damage)
             ... on level 1 of the Dungeon.
             The game lasted 00:00:21 (98 turns).

Iich the Trooper (Demonspawn Fighter)                 Turns: 98, Time: 00:00:22

Health: -1/24      AC:  6    Str: 16    XL:     2   Next: 0%
Magic:  2/2        EV:  8    Int:  9    God:
Gold:   17         SH:  4    Dex: 12    Spells: 1/1 levels left

rFire   . . .        a - +0 war axe
rCold   . . .        c - +0 buckler
rNeg    . . .        b - +0 scale mail
rPois   .            (no helmet)
rElec   .            (no cloak)
rCorr   .            (no gloves)
SInv    .            (no boots)
Will    .....        (no amulet) Stlth
                     (no ring)
HPRegen 0.24/turn    (no ring)
MPRegen 0.08/turn

%: no passive effects
@: no status effects
A: demonic magic 1
a: no special abilities


You were on level 1 of the Dungeon.
You visited 1 branch of the dungeon, and saw 1 of its levels.

You collected 17 gold pieces.

Inventory:

Hand Weapons
 a - a +0 war axe (weapon)
Armour
 b - a +0 scale mail (worn)
 c - a +0 buckler (worn)
Potions
 d - 2 potions of might


   Skills:
 + Level 3.2 Fighting
 * Level 2.2 Axes
 - Level 2.6 Armour
 - Level 2.6 Shields


You had one spell level left.
You didn't know any spells.
Your spell library was empty.

Dungeon Overview and Level Annotations

Branches:
Dungeon (1/15)

Altars:


Innate Abilities, Weirdness & Mutations

Spells you cast may paralyse adjacent enemies.


Message History

The endoplasm closely misses you.
You see here a jackal corpse.
The endoplasm hits you.
You take 1 damage, and have 13/24 hp.
You block the endoplasm's attack.
The endoplasm hits you but does no damage.
You block the goblin's attack. The endoplasm freezes you.
You are frozen.
You take 2 damage, and have 11/24 hp.
The goblin hits you with a +0 dagger.
* * * LOW HITPOINT WARNING * * *
You block the endoplasm's attack. The goblin barely misses you.
You block the endoplasm's attack.
You take 1 damage, and have 10/24 hp.
The goblin misses you. The endoplasm hits you.
* * * LOW HITPOINT WARNING * * *
You take 3 damage, and have 7/24 hp.
The goblin hits you but does no damage. The endoplasm closely misses you.
The goblin hits you but does no damage.
A kobold comes into view. It is wielding a +0 club.
The endoplasm freezes you.
You are frozen.
* * * LOW HITPOINT WARNING * * *
You take 3 damage, and have 5/24 hp.
The kobold shouts!
The goblin hits you but does no damage. The endoplasm barely misses you.
The goblin hits you but does no damage. The endoplasm freezes you.
You are frozen.
* * * LOW HITPOINT WARNING * * *
The goblin hits you but does no damage. The endoplasm freezes you.
You are frozen.
* * * LOW HITPOINT WARNING * * *
You take 4 damage, and have 1/24 hp.
The goblin hits you but does no damage. You block the endoplasm's attack.
The goblin barely misses you. You block the endoplasm's attack.
You block the goblin's attack. The endoplasm hits you.
You die...

#...........#
###...##.#.##
#...>##.#.#####
#..............
#..####..##.#.#
#........#
#...#####.# # #
###.##.#.#
...###.g@JK...#
.........##.#....
.......#.# # #
.........#
.......(..
....#..#.#.
............
....#.#### ##
....#.


You could see an endoplasm, a goblin and a kobold.

Vanquished Creatures
  A ball python (D:1)
  2 jackals (D:1)
  2 kobolds (D:1)
  A frilled lizard (D:1)
  A goblin (D:1)
  A rat (D:1)
8 creatures vanquished.

Notes
Turn   | Place    | Note
-------+----------+-------------------------------------------
     0 | D:1      | Iich the Demonspawn Fighter began the quest for the Orb.
     0 | D:1      | Reached XP level 1. HP: 18/18 MP: 1/1
    82 | D:1      | Gained mutation: Spells you cast may paralyse adjacent
                  | enemies. [demonic ancestry]
    82 | D:1      | Reached XP level 2. HP: 13/24 MP: 2/2
    95 | D:1      | HP: 1/24 [frozen (3)]
    98 | D:1      | Slain by an endoplasm

Illustrated notes

Levels and vault maps discovered:
D:1:      minmay_arrival_three_doors, layout_loops_cross, serial_shops,
          nicolae_shop_rolling_square, minmay_box_of_dots

Skill      XL: |  1 |
---------------+----+-----
Axes           | 2 |  2.2
Fighting       | |  3.2
Armour         | |  2.6
Shields        | |  2.6

Action                     || total
---------------------------++-------
  Melee: War axe           ||    23
 Armour: Scale mail        ||    19
  Dodge: Dodged            ||    19
  Block: Buckler           ||    18

Table legend: (Time is in decaauts)
 A = Elapsed time spent in this place.
 B = Non-inter-level travel time spent in this place.
 C = Inter-level travel time spent in this place.
 D = Time resting spent in this place.
 E = Time spent auto-exploring this place.
 F = Levels seen in this place.
 G = Mean time per level.
                   A        B        C        D        E       F      G
               +--------+--------+--------+--------+--------+-----+--------+
         Total |    108 |    108 |      0 |      0 |     37 |   1 |  108.0 |
       Dungeon |    108 |    108 |      0 |      0 |     37 |   1 |  108.0 |
               +--------+--------+--------+--------+--------+-----+--------+

Top non-repeatable levels by time:
     D:1: 108 daAuts
